Map: Dusk Towers

Players

maverick - Winner!

  • Race: Protoss Protoss
  • League: Gold

happenss

  • Race: Zerg Zerg
  • League: Gold

VOD

Have the link to the VOD?

Description

Time

  • Played on: Jan. 24, 2016, 11:28 p.m.
  • Length: 3:12
Show
View Real Time Build Order
Export as new Build Order

maverick Protoss - Winner!

Build Orders:  

Get SALT Encoding   

  12  0:02  Probe (Chrono Boost)  
  13  0:12  Probe (Chrono Boost)  
  14  0:23  Probe (Chrono Boost)  
  15  1:00  Pylon  
  15  1:18  Probe (Chrono Boost), Gateway  
  16  1:22  Gateway  
  16  1:25  Gateway  
  16  1:29  Gateway  
  16  1:34  Probe (Chrono Boost)  
  17  1:48  Pylon  
  17  2:08  Zealot (Chrono Boost)  
  21  2:18  Zealot x2 (Chrono Boost)  
  21  2:21  Zealot (Chrono Boost)  
  25  2:29  Probe  
  26  2:38  Pylon  
  26  2:42  Zealot (Chrono Boost)  
  28  2:55  Cybernetics Core  
  34  3:02  Assimilator  
  36  3:07  Assimilator  
Show
View Real Time Build Order
Export as new Build Order

happenss Zerg 

Build Orders: Hatch First 

Get SALT Encoding   

  12  0:01  Drone  
  13  0:13  Overlord  
  13  0:17  Drone  
  14  0:32  Drone x2  
  16  0:37  Drone  
  17  0:54  Hatchery  
  16  1:04  Drone  
  17  1:15  Spawning Pool  
  17  1:16  Drone x2  
  18  1:20  Drone  
  19  1:34  Drone  
  20  1:42  Extractor  
  20  1:44  Drone  
  20  2:11  Zergling x6  
  20  2:12  Queen x2  
  27  2:26  Hatchery, Drone x2  
  27  2:29  Overlord  
  28  2:55  Drone  
  28  2:56  Drone x5  
Tags
 
Add a new tag
Caveats
  • Supply blocks, unpowered buildings, or Contaminate may cause inaccurate times.
  • Supply counts are checked every 10 seconds.